 Dungeon Crawl Stone Soup version 0.30-a0-591-g3c58d2bc28 (webtiles) character file.

Game seed: 10657220748497734239

53 hikkokomori the Conjurer (level 3, -3/21 HPs)
             Began as an Octopode Conjurer on Jan 6, 2023.
             Slain by Terence
             ... wielding a +0 flail
              (12 damage)
             ... on level 2 of the Dungeon.
             The game lasted 00:01:27 (1158 turns).

hikkokomori the Conjurer (Octopode Conjurer)        Turns: 1158, Time: 00:01:28

Health: -3/21      AC:  1    Str:  6    XL:     3   Next: 89%
Magic:  1/7        EV: 13    Int: 22    God:
Gold:   29         SH:  0    Dex: 10    Spells: 5/8 levels left

rFire   . . .      SeeInvis .    h - +0 dagger (vamp)
rCold   . . .      Faith    .    (no shield)
rNeg    . . .      Spirit   .    (helmet restricted)
rPois   .          Reflect  .    (no amulet)
rElec   .          Harm     .    (no ring)
rCorr   .          Rampage  .    (no ring)
Will    .....                    (no ring)
Stlth   +++                      (no ring)
HPRegen 0.23/turn                (no ring)
MPRegen 0.10/turn                (no ring)
                                 (no ring)
                                 (no ring)

@: no status effects
A: almost no armour, amphibious, 8 rings, camouflage 1, gelatinous body 1,
(nimble swimmer 1), tentacles
a: no special abilities


You were on level 2 of the Dungeon.
You visited 1 branch of the dungeon, and saw 2 of its levels.

You collected 29 gold pieces.

Inventory:

Hand Weapons
 h - a +0 vampiric dagger (weapon)
Scrolls
 f - a scroll of fear
 j - a scroll of noise {unknown}
 k - a scroll of identify {unknown}
Potions
 a - a potion of magic
 b - a potion of lignification {unknown}
 c - 2 potions of mutation {unknown}
 d - a potion of brilliance {unknown}
 e - a potion of curing {unknown}
 g - a potion of cancellation {unknown}
 i - 2 potions of flight {unknown}


   Skills:
 - Level 2.0 Dodging
 - Level 2.6 Stealth
 + Level 3.0 Spellcasting
 + Level 4.7 Conjurations


You had 5 spell levels left.
You knew the following spells:

 Your Spells              Type           Power      Damage    Failure   Level
a - Magic Dart            Conj           96%        1d7       1%          1
b - Searing Ray           Conj           48%        2d6       2%          2

Your spell library contained the following spells:

 Spells                   Type           Power      Damage    Failure   Level
 Dazzling Flash           Conj/Hex       26%        N/A       14%         3
 Fulminant Prism          Conj/Hex       6%         3d7       43%         4
 Iskenderun's Mystic Bla  Conj/Tloc      13%        2d5       43%         4


Dungeon Overview and Level Annotations

Branches:
Dungeon (2/15)

Altars:

Annotations:
D:2 Terence


Innate Abilities, Weirdness & Mutations

You cannot wear most types of armour.
You are amphibious.
You can wear up to eight rings at the same time.
Your skin changes colour to match your surroundings (Stealth+).
Your rubbery body absorbs attacks. (AC +1, EV +1)
((You are camouflaged when in or above water. (Stealth+)))
You have tentacles for arms and can constrict up to eight enemies at once.


Message History

Found a spear.
You can't see any susceptible monsters within range! (Use Z to cast anyway.) Key pressed, stopping explore.
You can't see any susceptible monsters within range! (Use Z to cast anyway.)
An adder comes into view.
The magic dart hits the adder.
The adder is moderately wounded.
The adder hisses angrily.
An adder is nearby!
The magic dart hits the adder!
You kill the adder!
Your Spellcasting skill increases to level 3!
A bat comes into view.
A kobold comes into view. It is wielding a +0 club.
The magic dart hits the bat.
The bat is severely wounded.
The kobold shouts!
Terence the Incautious comes into view.
He is wielding a +0 flail.
There are monsters nearby!
The magic dart hits the bat.
You kill the bat!
Terence shouts!
Terence drinks a potion.
Terence seems to speed up.
There are monsters nearby!
The magic dart hits the kobold.
The kobold is moderately wounded.
There are monsters nearby!
The magic dart hits the kobold.
You kill the kobold!
Terence is nearby!
The magic dart hits Terence but does no damage.
Terence hits you with a +0 flail. Terence closely misses you.
You hit Terence but do no damage. You grab Terence.
You constrict Terence, but do no damage.
Terence hits you with a +0 flail!
You are too injured to fight recklessly!
You hit Terence but do no damage. You constrict Terence. Terence misses you.
Terence hits you with a +0 flail!
Ouch! That really hurt!
You die...

#.###.## ##.###
#.# ### ##)#. #.#
#.# #.# #.# #.# ##
# # ####.### #..
#^.....# #.#
#.##.#.# #.#
#@##.#.# #.# #
#@##.#.# ##.## #
#.##.#.####...####
#†##.#...........#
.....######...##.#
#)#### ##.###.#
#.# #.# #.# .)†
#.###.. .#.
#.##.#.


You could see Terence (fast).

Vanquished Creatures
  An adder (D:2)
  2 dart slugs (D:1)
  A ball python (D:1)
  5 bats
  2 endoplasms
  2 giant cockroaches (D:1)
  2 goblins (D:1)
  6 hobgoblins
  2 jackals (D:1)
  5 kobolds
  A frilled lizard (D:1)
  8 rats
37 creatures vanquished.

Notes
Turn   | Place    | Note
-------+----------+-------------------------------------------
     0 | D:1      | hikkokomori the Octopode Conjurer began the quest for the
                  | Orb.
     0 | D:1      | Reached XP level 1. HP: 11/11 MP: 3/3
   127 | D:1      | Reached XP level 2. HP: 13/17 MP: 0/5
   340 | D:1      | Found a faded altar of an unknown god.
   441 | D:1      | Reached XP level 3. HP: 21/21 MP: 0/6
   444 | D:1      | Learned a level 2 spell: Searing Ray
  1149 | D:2      | Noticed Terence
  1158 | D:2      | Slain by Terence

Illustrated notes

Levels and vault maps discovered:
D:1:      shiori_arrival_elements, layout_basic,
          ebering_ecumenical_altar_abandoned, serial_glass, glass_columns_b,
          glass_columns_a, glass_columns_a, glass_columns_c, glass_columns_a,
          glass_columns_b, glass_columns_c, glass_columns_b, glass_columns_a,
          glass_columns_a, minmay_tromino_v4_c
D:2:      layout_loops_ring, uniq_terence

Skill      XL: |  1  2  3 |
---------------+----------+-----
Spellcasting   | 3 |  3.0
Dodging        | |  2.0
Stealth        | |  2.6
Conjurations   | |  4.7

Action                   || total
-------------------------++-------
Melee: Unarmed           ||    16
       Constrict         ||    11
       Tentacles         ||     6
       Punch             ||     1
       Dagger            ||    12
 Cast: Magic Dart        ||    54
  Use: Scroll            ||     2
Armor: Skin              ||     2
Dodge: Dodged            ||    18

Table legend: (Time is in decaauts)
 A = Elapsed time spent in this place.
 B = Non-inter-level travel time spent in this place.
 C = Inter-level travel time spent in this place.
 D = Time resting spent in this place.
 E = Time spent auto-exploring this place.
 F = Levels seen in this place.
 G = Mean time per level.
                   A        B        C        D        E       F      G
               +--------+--------+--------+--------+--------+-----+--------+
         Total |   1157 |   1132 |     25 |      0 |    968 |   2 |  578.5 |
       Dungeon |   1157 |   1132 |     25 |      0 |    968 |   2 |  578.5 |
               +--------+--------+--------+--------+--------+-----+--------+

Top non-repeatable levels by time:
     D:1: 987 daAuts
     D:2: 169 daAuts
